 Dungeon Crawl Stone Soup version 0.26-a0-830-g2a559e7be2 (webtiles) character file.

Game seed: 10389445117558582794

11286 Gildeon the Basher (level 12, -6/86 HPs)
             Began as a Formicid Fighter on Nov 15, 2020.
             Was an Initiate of Gozag.
             Mangled by a catoblepas (16 damage)
             ... on level 2 of the Lair of Beasts.
             The game lasted 00:35:41 (11708 turns).

Gildeon the Basher (Formicid Fighter)              Turns: 11708, Time: 00:35:42

Health: -6/86      AC: 16    Str: 26    XL:     12   Next: 5%
Magic:  12/12      EV:  5    Int:  8    God:    Gozag
Gold:   2003       SH:  0    Dex: 10    Spells: 10/11 levels left

rFire    + . .     SeeInvis +   b - +8 trident of the Octopus King {venom, rElec rPois MR+}
rCold    . . .     Faith    .   c - +0 kite shield
rNeg     . . .     Spirit   .   r - +2 chain mail {rF+}
rPois    +         Reflect  +   (helmet unavailable)
rElec    +         Harm     .   L - +1 cloak {Stlth+}
rCorr    .         Rampage  .   q - +0 pair of gloves
MR       ++++.                  x - +0 pair of boots
Stlth    ..........             l - amulet of reflection
HPRegen  0.24/turn              d - ring of protection from magic
MPRegen  0.13/turn              K - ring of protection from magic

@: lethally poisoned (-6 -> -7), petrifying (expiring), studying Staves, very
slow
A: permanent stasis, dig shafts and tunnels, four strong arms, antennae 3
a: Dig, Shaft Self, Potion Petition, Call Merchant, Bribe Branch, Renounce
Religion


You were on level 2 of the Lair of Beasts.
You worshipped Gozag.
Gozag was most pleased with you.
You visited 3 branches of the dungeon, and saw 13 of its levels.

You collected 2117 gold pieces.
You spent 100 gold pieces at shops.
You paid 14 gold pieces to Gozag.

Inventory:

Hand Weapons
 a - the +5 flail of Untruth {freeze, +Fly Str+3}
   (You found it on level 5 of the Dungeon)

   It has been specially enchanted to freeze those struck by it, causing extra
   injury to most foes and up to half again as much damage against particularly
   susceptible opponents.
   It can also slow down cold-blooded creatures.
   It affects your strength (+3).
   It lets you fly.
 b - the +8 trident of the Octopus King (weapon) {venom, rElec rPois MR+}
   (You found it on level 6 of the Dungeon)

   It poisons the flesh of those it strikes.
   It insulates you from electricity.
   It protects you from poison.
   It affects your resistance to hostile enchantments.
 F - a +3 hand axe of flaming
Armour
 c - a +0 kite shield (worn)
 q - a +0 pair of gloves (worn)
 r - a +2 chain mail of fire resistance (worn)
 x - a +0 pair of boots (worn)
 L - a +1 cloak of stealth (worn)
Jewellery
 d - a ring of protection from magic (left hand)
 f - an uncursed ring of poison resistance
 l - an amulet of reflection (around neck)
 K - a ring of protection from magic (right hand)
Wands
 s - a wand of iceblast (7)
 B - a wand of flame (22)
 C - a wand of paralysis (7)
Scrolls
 e - 3 scrolls of enchant armour
 i - 6 scrolls of remove curse
 j - 4 scrolls of fear
 u - 2 scrolls of amnesia
 J - a scroll of vulnerability {unknown}
Potions
 k - 2 potions of mutation {unknown}
 n - 2 potions of heal wounds
 p - 3 potions of cancellation
 t - a potion of degeneration {unknown}
 v - a potion of magic {unknown}
 w - a potion of might
 z - 2 potions of curing {unknown}
 A - a potion of haste {unknown}
 D - a potion of flight {unknown}
 E - 2 potions of attraction {unknown}
 G - a potion of berserk rage {unknown}
 H - a potion of invisibility {unknown}
 I - a potion of resistance {unknown}
Books
 m - a manual of Staves


   Skills:
 - Level 5.0 Fighting
 * Level 11.3 Maces & Flails
 * Level 9.6 Polearms
 - Level 5.0 Armour
 - Level 5.0 Dodging
 - Level 9.0 Shields
 + Level 4.3 Evocations


You had 10 spell levels left.
You knew the following spells:

 Your Spells              Type           Power        Failure   Level
a - Pain                  Necr           #...         95%         1

Your spell library contained the following spells:

 Spells                   Type           Power        Failure   Level


Dungeon Overview and Level Annotations

Branches:
Dungeon (10/15)            Temple (1/1) D:6            Lair (1/6) D:8
    Orc: D:9-12

Altars:
Ashenzari
Cheibriados
Dithmenos
Elyvilon
Fedhas
Gozag
Hepliaklqana
Kikubaaqudgha
Makhleb
Nemelex Xobeh
Okawaru
Qazlal
Ru
Sif Muna
Trog
Uskayaw
Vehumet
Wu Jian
Xom
Yredelemnul
Zin
The Shining One

Shops:
D:8 ?

Annotations:
D:6 3 runed translucent doors, happy's ghost, novice SpBr


Innate Abilities, Weirdness & Mutations

You cannot be hasted, slowed, berserked, paralysed or teleported.
You can dig through walls and to a lower floor.
Your four strong arms can wield two-handed weapons with a shield.
You have a pair of large antennae on your head. (SInv)


Message History

You hit the catoblepas but do no damage.
The catoblepas is severely wounded.
You are engulfed in calcifying dust.
The wolf is no longer distracted by gold.
The wolf bites you but does no damage. The wolf bites you.
The wolf bites you but does no damage.
The wolf bites something.
The wolf bites you but does no damage. The wolf bites you!
* * * LOW HITPOINT WARNING * * *
The catoblepas gores you!!
* * * LOW HITPOINT WARNING * * *
The wolf bites you but does no damage.
Your limbs are stiffening.
You puncture the catoblepas!
The catoblepas looks as sick as possible!
The catoblepas is almost dead.
You are engulfed in calcifying dust.
The wolf bites something!
The wolf bites you but does no damage. x3; The wolf bites something.
The basilisk bites something!
The wolf bites you but does no damage. The catoblepas gores you!!
You die...
Your body crumbles into a pile of gold.

,,** ******,,* *#..,,,,,,,****,
,,,***,,**,,** ##..,,,,,,,**,,,
,,,,,,,,,,,,* *#..##***,,****,,
,,,,,,,,,.,,* ***,§§P* **** *,,,
,,,,*,***#.,*##,**#.## **,,
,,***** #..##.####..# *,, ,,*
#..).(.§....# *,, ,,**
*#......§...## **** *,, ,,,*
*.......@h...# *,,* *,, *,,*
*#....hhYh...# *,,* **,
*,,******....##h##...# *,,* *,,
*,*,,,,**#..,*#l,{...#****,,****,
,,,,,,,,,..,,,..,....#,**,,,*,,,,
,,,,,,,,,.,,,.$.,,,....,,,,,,,,,,
,,,,,,,,,,,,,...,,,.....,,,,,,,,,
*,,,,,,,,,,,...#***,....,,,,*,,*,
*,,,,,,,,,,,,,*** *,,<,,,,,,***,,


You could see a catoblepas (extremely poisoned), a basilisk and 5 wolves.

Vanquished Creatures
  Harold (D:7)
  Erica (Lair:1)
  2 two-headed ogres
  A wizard (D:10)
  A deep elf mage (D:10)
  A manticore (D:9)
  A gargoyle (D:10)
  A cane toad (Lair:2)
  A komodo dragon (D:8)
  A troll (D:10)
  Grinder (D:5)
  A shadow (D:9)
  2 wyverns
  A basilisk (D:8)
  4 yaks (D:9)
  A steam dragon (D:8)
  An orc warrior (D:9)
  3 ice beasts
  5 sky beasts
  A hornet zombie (D:8)
  A necrophage (D:9)
  2 centaurs
  5 ogres
  A big kobold (D:8)
  4 bullfrogs
  A gnoll sergeant (D:7)
  2 scorpions
  18 killer bees
  9 wights
  5 howler monkeys
  A centaur zombie (D:5)
  5 jellies
  8 orc priests
  5 hounds
  2 bullfrog skeletons (D:5)
  2 iguanas (D:4)
  Natasha (thrice) (D:2)
  9 orc wizards
  5 worker ants
  A hound skeleton (D:8)
  13 adders
  3 gnolls (D:7)
  A shadow imp (D:3)
  A white imp (D:9)
  An ufetubus (D:5)
  2 oozes
  2 adder skeletons
  3 adder zombies
  3 worms
  2 dart slugs
  8 leopard geckos
  37 orcs
  5 bats
  9 giant cockroaches
  8 hobgoblins
  9 jackals
  16 kobolds
  4 quokkas
  6 frilled lizards
  9 goblins
  A jackal zombie (D:6)
  A quokka skeleton (D:5)
  9 rats
273 creatures vanquished.

Notes
Turn   | Place    | Note
-------+----------+-------------------------------------------
     0 | D:1      | Gildeon the Formicid Fighter began the quest for the Orb.
     0 | D:1      | Reached XP level 1. HP: 18/18 MP: 1/1
   212 | D:1      | Reached XP level 2. HP: 24/24 MP: 2/2
   514 | D:1      | Reached XP level 3. HP: 29/29 MP: 3/3
  1140 | D:2      | Noticed Natasha
  1152 | D:2      | Killed Natasha
  1153 | D:2      | Reached XP level 4. HP: 30/37 MP: 4/4
  1314 | D:2      | Reached XP level 5. HP: 31/42 MP: 5/5
  1372 | D:2      | Noticed Natasha
  1378 | D:2      | Killed Natasha
  1505 | D:2      | Noticed Natasha
  1512 | D:2      | Killed Natasha
  1596 | D:2      | Found an opulent altar of Gozag.
  1610 | D:2      | Became a worshipper of Gozag Ym Sagoz the Greedy
  1800 | D:2      | Found a shimmering blue altar of Sif Muna.
  1800 | D:2      | Found an ancient bone altar of Kikubaaqudgha.
  1801 | D:2      | Found a radiant altar of Vehumet.
  1803 | D:2      | Identified Kikubaaqudgha's Disquisition on Necromancy
  2504 | D:3      | Reached XP level 6. HP: 44/49 MP: 6/6
  2913 | D:3      | You fall into a shaft and drop 1 floor!
  3314 | D:4      | Noticed a sky beast
  3329 | D:4      | Killed a sky beast
  3330 | D:4      | Reached skill level 1 in Maces & Flails
  3460 | D:4      | Reached skill level 2 in Maces & Flails
  3494 | D:4      | Reached XP level 7. HP: 46/55 MP: 7/7
  3732 | D:4      | Found a hide-covered altar of Uskayaw.
  3756 | D:4      | Reached skill level 5 in Fighting
  3756 | D:4      | Reached skill level 5 in Armour
  3959 | D:4      | Reached skill level 3 in Maces & Flails
  4222 | D:4      | Reached skill level 1 in Dodging
  4473 | D:4      | Noticed a wyvern
  4498 | D:4      | Killed a wyvern
  4499 | D:4      | Reached skill level 4 in Maces & Flails
  4499 | D:4      | Reached XP level 8. HP: 16/62 MP: 8/8
  5128 | D:4      | Found a sacrificial altar of Ru.
  5149 | D:5      | Entered Level 5 of the Dungeon
  5152 | D:5      | Learned a level 1 spell: Pain
  5190 | D:5      | Reached skill level 5 in Shields
  5198 | D:5      | Noticed Grinder
  5251 | D:5      | Killed Grinder
  5252 | D:5      | Reached skill level 5 in Maces & Flails
  5839 | D:5      | Got a crude flail
  5840 | D:5      | Identified the +5 flail of Untruth {freeze, +Fly Str+3}
                  | (You found it on level 5 of the Dungeon)
  5975 | D:5      | Noticed a two-headed ogre
  5993 | D:5      | Killed a two-headed ogre
  5994 | D:5      | Reached skill level 7 in Maces & Flails
  5994 | D:5      | Reached XP level 9. HP: 68/68 MP: 9/9
  6321 | D:5      | Found a basalt altar of Yredelemnul.
  6494 | D:6      | Found the +8 trident of the Octopus King {venom, rElec
                  | rPois MR+}
  6533 | D:6      | Found a burning altar of Makhleb.
  6728 | D:6      | Found a glowing golden altar of the Shining One.
  6749 | D:6      | Found a staircase to the Ecumenical Temple.
  6773 | Temple   | Entered the Ecumenical Temple
  6890 | D:6      | Found a runed translucent gate.
  6890 | D:6      | Found a runed translucent gate.
  6890 | D:6      | Identified the +3 dagger of Integrity {chaos, MR+ Int+2}
  6890 | D:6      | Noticed happy's ghost (novice SpBr)
  6891 | D:6      | Found a runed translucent gate.
  6991 | D:6      | Reached XP level 10. HP: 68/74 MP: 10/10
  7220 | D:7      | Reached skill level 8 in Maces & Flails
  7234 | D:7      | Reached skill level 5 in Dodging
  7238 | D:7      | Reached skill level 5 in Polearms
  7239 | D:7      | Noticed Harold
  7261 | D:7      | Killed Harold
  7577 | D:7      | Reached skill level 9 in Maces & Flails
  7712 | D:7      | Found a sparkling altar of Nemelex Xobeh.
  8599 | D:8      | Found Maqomoat's Magic Scroll Shop.
  8607 | D:8      | Bought a scroll of fear for 35 gold pieces
  8607 | D:8      | Bought a scroll of amnesia for 35 gold pieces
  8607 | D:8      | Bought a scroll of teleportation for 30 gold pieces
  8709 | D:8      | Found a blossoming altar of Fedhas.
  8709 | D:8      | Noticed a two-headed ogre
  8725 | D:8      | Killed a two-headed ogre
  8726 | D:8      | Reached XP level 11. HP: 44/79 MP: 11/11
  8995 | D:8      | Reached skill level 1 in Evocations
  9255 | D:8      | Reached skill level 10 in Maces & Flails
  9357 | D:8      | Found a staircase to the Lair.
 10326 | D:9      | Found a shimmering altar of Xom.
 10327 | D:9      | Found a hazy altar of Hepliaklqana.
 10586 | D:9      | Noticed a manticore
 10596 | D:9      | Killed a manticore
 10734 | D:9      | Found a glowing silver altar of Zin.
 10865 | D:10     | Entered Level 10 of the Dungeon
 10907 | D:10     | Noticed a deep elf mage
 10921 | D:10     | Killed a deep elf mage
 10938 | D:10     | Reached skill level 11 in Maces & Flails
 10974 | D:10     | Noticed a wizard
 10985 | D:10     | Killed a wizard
 11155 | D:10     | Noticed a deep elf mage
 11566 | Lair:1   | Entered Level 1 of the Lair of Beasts
 11594 | Lair:1   | Noticed Erica
 11602 | Lair:1   | Killed Erica
 11603 | Lair:1   | Reached XP level 12. HP: 70/86 MP: 12/12
 11681 | Lair:1   | You fall into a shaft and drop 1 floor!
 11694 | Lair:2   | Noticed a catoblepas
 11708 | Lair:2   | Mangled by a catoblepas

Illustrated notes

Levels and vault maps discovered:
D:1:      heliophobic_arrival_dark_side_of_the_moon, layout_basic
D:2:      layout_loops_ring, grunt_temple_overflow_magic_moments,
          nicolae_gozag_seed_capital, uniq_natasha
D:3:      layout_basic, serial_aquarium, aquarium_bridge_square
          [aquarium_subvault_bridge, aquarium_subvault_window,
          aquarium_subvault_wall, aquarium_subvault_bridge],
          aquarium_bridge_straight [aquarium_subvault_bridge,
          aquarium_subvault_wall, aquarium_subvault_bridge,
          aquarium_subvault_window], aquarium_window_1, aquarium_window_fake,
          aquarium_window_fake, aquarium_window_2, aquarium_view_2a,
          aquarium_view_2d, aquarium_balcony_double_2
D:4:      minmay_diamond_boxcup, layout_cave_pools,
          eat_drink_and_be_merry_uskayaw, nicolae_ru_the_path_less_chosen,
          minmay_manual_macuahuitl
D:5:      layout_basic, kennysheep_mini, uniq_grinder
D:6:      layout_rooms, lightli_temple_of_fire, general_overflow_altar,
          minmay_temple_entry_ruins, gammafunk_ghost_nasty_kobolds
D:7:      layout_loops_ring, kennysheep_flooded_box, grunt_ministairs_10,
          uniq_harold
D:8:      layout_basic, overflow_temple_1_default, erik_lair_dragon,
          serial_shops, shop
D:9:      layout_irregular_city, regret_index_temple_of_mockery,
          marbit_many_paths, minmay_diamond_spiral
D:10:     layout_rooms, minmay_orc_entry_guard_dogs, bh_hangedman_babel_library
Temple:   dpeg_three_leaves_temple
Lair:1:   layout_chaotic_city, chequers_serial_rivers_room_a,
          infiniplex_staircase_pool_2, serial_bayou_shore_b, uniq_erica
Lair:2:   layout_small_grid, enter_volcano_1, ebering_ghost_xom

Skill      XL: |  1  2  3  4  5  6  7  8  9 10 11 |
---------------+----------------------------------+-----
Polearms       | 3 4 7 9 |  9.6
Fighting       | 4 5 |  5.0
Armour         | 4 5 |  5.0
Maces & Flails | 2 4 7 9 11 | 11.3
Dodging        | 1 4 5 |  5.0
Shields        | 4 6 7 8 9 |  9.0
Evocations     | 4 |  4.3

Action                   |  1- 3 |  4- 6 |  7- 9 | 10-12 || total
-------------------------+-------+-------+-------+-------++-------
Melee: Trident           |    94 |   126 |    21 |   101 ||   342
       Whip              |       |    47 |   213 |       ||   260
       Flail             |       |       |    95 |   364 ||   459
       Hand axe          |       |       |     5 |       ||     5
  Use: Scroll            |       |     4 |     1 |     6 ||    11
       Potion            |       |     1 |     2 |     3 ||     6
 Stab: Distracted        |       |       |     1 |       ||     1
Armor: Scale mail        |    28 |       |       |       ||    28
       Chain mail        |       |    71 |    80 |   117 ||   268
       Skin              |       |       |    19 |       ||    19
Dodge: Dodged            |    21 |    40 |    64 |   108 ||   233
Block: Kite shield       |    41 |    82 |   109 |   230 ||   462
       Reflection        |       |       |       |     1 ||     1

Table legend: (Time is in decaauts)
 A = Elapsed time spent in this place.
 B = Non-inter-level travel time spent in this place.
 C = Inter-level travel time spent in this place.
 D = Time resting spent in this place.
 E = Time spent auto-exploring this place.
 F = Levels seen in this place.
 G = Mean time per level.
                   A        B        C        D        E       F      G
               +--------+--------+--------+--------+--------+-----+--------+
         Total |  11707 |  11341 |    366 |   1271 |   7313 |  13 |  900.5 |
       Dungeon |  11484 |  11134 |    350 |   1271 |   7151 |  10 | 1148.4 |
        Temple |     83 |     67 |     16 |      0 |     67 |   1 |   83.0 |
          Lair |    139 |    139 |      0 |      0 |     95 |   2 |   69.5 |
               +--------+--------+--------+--------+--------+-----+--------+

Top non-repeatable levels by time:
     D:4: 1878 daAuts
     D:8: 1684 daAuts
     D:9: 1516 daAuts
     D:5: 1254 daAuts
     D:3: 1153 daAuts
     D:2: 1123 daAuts
     D:1: 1041 daAuts
     D:7: 844 daAuts
     D:6: 683 daAuts
    D:10: 305 daAuts
  Lair:1: 115 daAuts
  Temple: 83 daAuts
  Lair:2: 24 daAuts
